 Dungeon Crawl Stone Soup version 0.26.1-2-gb8aa6d0cf2 (webtiles) character file.

Game seed: 4315802680227815502

42 H0rd4k the Charlatan (level 3, -3/26 HPs)
             Began as a Human Artificer on Feb 9, 2021.
             Slain by a gnoll
             ... wielding a +0 flail
              (5 damage)
             ... on level 2 of the Dungeon.
             The game lasted 00:01:24 (2093 turns).

H0rd4k the Charlatan (Human Artificer)              Turns: 2093, Time: 00:01:25

Health: -3/26      AC:  4    Str: 13    XL:     3   Next: 80%
Magic:  3/3        EV: 11    Int: 11    God:
Gold:   96         SH:  0    Dex: 19    Spells: 2/2 levels left

rFire    . . .     SeeInvis .   n - +0 short sword
rCold    . . .     Faith    .   (no shield)
rNeg     . . .     Spirit   .   b - +0 leather armour
rPois    .         Reflect  .   l - +0 helmet
rElec    .         Harm     .   (no cloak)
rCorr    .         Rampage  .   (no gloves)
Will     .....                  (no boots)
Stlth    ++........             (no amulet)
HPRegen  0.08/turn              k - +6 ring of dexterity
MPRegen  0.08/turn              (no ring)

@: no status effects
A: no striking features
a: no special abilities


You were on level 2 of the Dungeon.
You visited 1 branch of the dungeon, and saw 2 of its levels.

You collected 96 gold pieces.

Inventory:

Hand Weapons
 n - a +0 short sword (weapon)
Missiles
 h - 30 poisoned darts
 j - 7 silver javelins (quivered)
Armour
 b - a +0 leather armour (worn)
 l - a +0 helmet (worn)
Jewellery
 k - a +6 ring of dexterity (left hand)
Wands
 c - a wand of flame (13)
 d - a wand of enslavement (13)
 e - a wand of random effects (15)
Scrolls
 a - a scroll of teleportation {unknown}
 f - 5 scrolls of remove curse {unknown}
 g - a scroll of enchant weapon {unknown}
 i - 8 scrolls of identify {unknown}
 o - a scroll of fog {unknown}
Potions
 m - a potion of heal wounds {unknown}


   Skills:
 + Level 1.3 Fighting
 + Level 0.2 Short Blades
 + Level 2.2 Armour
 + Level 1.0 Dodging
 + Level 1.4 Stealth
 + Level 4.0 Evocations


You had 2 spell levels left.
You didn't know any spells.
Your spell library was empty.

Dungeon Overview and Level Annotations

Branches:
Dungeon (2/15)

Altars:


Message History

A gnoll comes into view.
You hit the gnoll.
The gnoll is lightly wounded.
The gnoll hits you with a +0 flail!
You barely miss the gnoll.
The gnoll is lightly wounded.
The gnoll hits you with a +0 flail.
You hit the gnoll.
The gnoll is heavily wounded.
Aiming: Enslavement
Press: ? - help, Shift-Dir - straight line, f - gnoll
Aim: a gnoll, wielding a +0 flail (heavily wounded, chance to affect: 67%)
The gnoll struggles to resist.
The gnoll hits you with a +0 flail!
* * * LOW HITPOINT WARNING * * *
Unknown command.
Aiming: Enslavement
Press: ? - help, Shift-Dir - straight line, f/p - gnoll
Aim: a gnoll, wielding a +0 flail (heavily wounded, chance to affect: 67%)
The gnoll struggles to resist.
The gnoll hits you with a +0 flail.
You die...

...# #.......##
#..##..♣..#..#
###....♣_♣..#.######
......÷.♣..........##..
###........##...##.....
#..(#.#######...#
##..#.).........#
#...#########..# ###@#
##.##### #g# #.....#
#g## #..##.. ###..###
##..... #.....># ####..
#.†?...# #.. .....$<.#
#.. ##.......# ##.
##......# #.


You could see 2 gnolls.

Vanquished Creatures
  An adder (D:2)
  An ooze (D:2)
  A dart slug (D:2)
  2 leopard geckos (D:1)
  4 goblins
  3 kobolds (D:1)
  2 quokkas (D:2)
  3 bats
  4 frilled lizards
  6 rats
27 creatures vanquished.

Notes
Turn   | Place    | Note
-------+----------+-------------------------------------------
     0 | D:1      | H0rd4k the Human Artificer began the quest for the Orb.
     0 | D:1      | Reached XP level 1. HP: 15/15 MP: 1/1
   404 | D:1      | Reached XP level 2. HP: 4/21 MP: 2/2
  1546 | D:2      | Reached XP level 3. HP: 22/26 MP: 3/3
  1773 | D:2      | Found a faded altar of an unknown god.
  1812 | D:2      | Reached skill level 4 in Evocations
  2093 | D:2      | Slain by a gnoll

Illustrated notes

Levels and vault maps discovered:
D:1:      dpeg_arrival_simpleton_a, layout_basic, chequers_serial_rivers_room_b
D:2:      layout_rooms, chequers_ecumenical_altar_simple, uniq_terence

Skill      XL: |  1  2  3 |
---------------+----------+-----
Evocations     | 4 |  4.0
Fighting       | |  1.3
Short Blades   | |  0.2
Armour         | |  2.2
Dodging        | |  1.0
Stealth        | |  1.4

Action                   || total
-------------------------++-------
Melee: Club              ||    38
       Short sword       ||    49
Throw: Javelin           ||     1
Evoke: Wand              ||     4
 Stab: Sleeping          ||     3
Armor: Leather armour    ||    17
Dodge: Dodged            ||    51
